 Dungeon Crawl Stone Soup version 0.19.1 (webtiles) character file.

2111 kae the Basher (level 9, -7/63 (64) HPs)
             Began as a Formicid Fighter on Dec 8, 2016.
             Mangled by Azzok's ghost (24 damage)
             ... on level 7 of the Dungeon.
             The game lasted 00:08:38 (5471 turns).

kae the Basher (Formicid Fighter)                   Turns: 5471, Time: 00:08:39

HP:   -7/63 (64)    AC: 10    Str: 24    XL:     9   Next: 53%
MP:   9/9           EV:  8    Int:  8    God:
Gold: 501           SH:  9    Dex: 10    Spells: 0 memorised, 8 levels left

rFire  . . .     SeeInvis +     B - +1 flail (drain)
rCold  . . .     Gourm    .     b - +0 scale mail
rNeg   . . .     Faith    .     c - +0 shield
rPois  .         Spirit   .     (helmet unavailable)
rElec  .         Reflect  .     q - +1 cloak
rCorr  .         Harm     .     (no gloves)
MR     .....                    e - +0 pair of boots
Stlth  ..........               (no amulet)
                                m - +6 ring of slaying
                                K - ring of flight

@: no status effects
A: permanent stasis, dig shafts and tunnels, four strong arms, antennae 3
a: Dig, Shaft Self, Evoke Flight


You were on level 7 of the Dungeon.
You were hungry.

You visited 1 branch of the dungeon, and saw 7 of its levels.

You collected 501 gold pieces.

Inventory:

Hand Weapons
 a - a +1 flail
 B - a +1 flail of draining (weapon)
Armour
 b - a +0 scale mail (worn)
 c - a +0 shield (worn)
 e - a +0 pair of boots (worn)
 q - a +1 cloak (worn)
Jewellery
 m - a +6 ring of slaying (right hand)
 t - an uncursed ring of ice
 u - an uncursed ring of resist corrosion
 H - an uncursed ring of stealth
 J - an uncursed ring of magical power
 K - a ring of flight (left hand)
Wands
 p - a wand of teleportation (8/9)
 y - a wand of heal wounds (4/9)
 D - a wand of lightning (10/15)
 F - a wand of slowing (18/48)
 N - a wand of confusion (13/48)
Scrolls
 h - 4 scrolls of remove curse
 j - 3 scrolls of fear
 k - a scroll of recharging
 l - a scroll of enchant weapon
 A - a scroll of fog
 G - a scroll of enchant armour
Potions
 g - a potion of ambrosia
 i - 2 potions of brilliance
 n - a potion of cancellation
 o - 2 potions of agility
 w - a potion of flight {unknown}
 x - 2 potions of curing
 z - 2 potions of heal wounds
 E - 2 potions of mutation
Comestibles
 d - 3 slices of pizza
 f - 6 bread rations
 r - 6 meat rations
 s - 2 fruits
 v - 2 beef jerkies


   Skills:
 - Level 3.2 Fighting
 + Level 11.9 Maces & Flails
 - Level 3.2 Armour
 - Level 3.6 Shields


You had 8 spell levels left.
You didn't know any spells.

Dungeon Overview and Level Annotations

Branches:
Dungeon (7/15)
 Temple: D:4-7

Altars:
Ashenzari
Gozag
Nemelex Xobeh
Zin

Shops:
D:5 *   D:6 (

Annotations:
D:7 Azzok's ghost, novice DDBe


Innate Abilities, Weirdness & Mutations

You are under a permanent stasis effect.
You can dig through walls and to a lower floor.
Your four strong arms can wield two-handed weapons with a shield.
You have a pair of large antennae on your head. (SInv)


Message History

All of the chunks of flesh in your inventory have rotted away.
HP restored.
You climb downwards.
Level annotation: Azzok's ghost, novice DDBe Azzok's ghost barely misses you.
There is a stone staircase leading up, spattered with blood here.
Okay, then.
You sock Azzok's ghost!
Azzok's ghost is lightly damaged.
Azzok's ghost hits you!!
You barely miss Azzok's ghost.
Azzok's ghost is lightly damaged.
Azzok's ghost hits you!
You sock Azzok's ghost!
Azzok's ghost is lightly damaged.
Azzok's ghost hits you!
* * * LOW HITPOINT WARNING * * *
You are feeling hungry.
Azzok's ghost hits you!!
You die...

#.####.... ..#########...>.# #.#
## #...............# ..#
###############........#####
######...............###.....<...
.......#############.# #...[#####
######## ###.# #....# #######
##...######## ......#
########.....## # #####..
.......@......#### # #
#######.W........### # #
##########.......##...# ### #
##...............#####.# #.) ####
#..########.......# #..#..#
...###.## #.......# ##{{..
.......# #.......# ###W# ....####
##.....## ..# ....# ##...## .##.


You could see Azzok's ghost.

Vanquished Creatures
  2 orc warriors (D:7)
  An ice beast (D:7)
  2 sky beasts
  3 ogres
  A black bear (D:7)
  3 centaurs
  A necrophage (D:5)
  A crocodile (D:7)
  4 bullfrogs
  2 scorpions
  A howler monkey (D:4)
  A crimson imp (D:5)
  An orc priest (D:7)
  Crazy Yiuf (D:2)
  Natasha (D:2)
  Terence (D:2)
  An orc wizard (D:7)
  3 worker ants
  A hound zombie (D:5)
  Robin (D:2)
  7 gnolls (D:5)
  A howler monkey skeleton (D:4)
  10 adders
  An ooze (D:1)
  2 adder skeletons
  An adder zombie (D:7)
  3 worms
  A dart slug (D:3)
  7 leopard geckos
  8 orcs
  3 ball pythons
  4 giant cockroaches
  14 goblins
  10 hobgoblins
  2 quokkas
  5 bats
  6 frilled lizards
  5 kobolds
  A leopard gecko skeleton (D:4)
  5 rats
128 creatures vanquished.

Notes
Turn   | Place    | Note
-------+----------+-------------------------------------------
     0 | D:1      | kae the Formicid Fighter began the quest for the Orb.
     0 | D:1      | Reached XP level 1. HP: 18/18 MP: 1/1
   234 | D:1      | Reached XP level 2. HP: 24/24 MP: 2/2
   412 | D:1      | Reached skill level 3 in Maces & Flails
   761 | D:2      | Noticed Terence
   769 | D:2      | Killed Terence
   769 | D:2      | Reached XP level 3. HP: 29/29 MP: 3/3
   771 | D:2      | Reached skill level 4 in Maces & Flails
   771 | D:2      | Reached XP level 4. HP: 35/35 MP: 4/4
   825 | D:2      | Noticed Robin
   848 | D:2      | Killed Robin
  1092 | D:2      | Noticed Natasha
  1100 | D:2      | Killed Natasha
  1100 | D:2      | Reached XP level 5. HP: 39/41 MP: 5/5
  1167 | D:2      | Reached skill level 5 in Maces & Flails
  1226 | D:2      | Found a glowing silver altar of Zin.
  1411 | D:2      | Found a runed door.
  1628 | D:2      | Noticed Crazy Yiuf
  1635 | D:2      | Killed Crazy Yiuf
  1874 | D:3      | Reached XP level 6. HP: 46/47 MP: 6/6
  2021 | D:3      | Reached skill level 6 in Maces & Flails
  2255 | D:4      | Noticed an ogre
  2262 | D:4      | Killed an ogre
  2436 | D:4      | Reached skill level 7 in Maces & Flails
  2436 | D:4      | Reached XP level 7. HP: 32/52 MP: 7/7
  2489 | D:4      | Found a sparkling altar of Nemelex Xobeh.
  2813 | D:5      | Entered Level 5 of the Dungeon
  2910 | D:5      | Found a shattered altar of Ashenzari.
  3100 | D:5      | Reached skill level 8 in Maces & Flails
  3174 | D:5      | Found an opulent altar of Gozag.
  3179 | D:5      | Found Gozag's Platinum Reserve.
  3216 | D:5      | Reached XP level 8. HP: 46/57 MP: 8/8
  3500 | D:5      | Reached skill level 9 in Maces & Flails
  3764 | D:6      | Found Waeph's Weapon Shoppe.
  3821 | D:6      | Found a glowing silver altar of Zin.
  4064 | D:6      | Reached skill level 10 in Maces & Flails
  4358 | D:7      | Reached XP level 9. HP: 51/63 MP: 9/9
  4367 | D:7      | Noticed Azzok's ghost (novice DDBe)
  4683 | D:7      | Reached skill level 11 in Maces & Flails
  5471 | D:7      | Mangled by Azzok's ghost

Skill      XL: |  1  2  3  4  5  6  7  8  9 |
---------------+----------------------------+-----
Maces & Flails | 3 4 5 7 8 10 11 | 11.9
Fighting       | |  3.2
Armour         | |  3.2
Shields        | |  3.6

Action                   |  1- 3 |  4- 6 |  7- 9 || total
-------------------------+-------+-------+-------++-------
Melee: Flail             |    38 |   179 |   197 ||   414
 Abil: Dig               |       |     1 |     4 ||     5
  Use: Potion            |     1 |     1 |       ||     2
       Scroll            |       |     7 |    10 ||    17
  Eat: Chunk             |       |     5 |    10 ||    15
Armor: Scale mail        |     7 |    57 |    50 ||   114
Dodge: Dodged            |    11 |    51 |    40 ||   102
Block: Shield            |    18 |    74 |    84 ||   176
